 Dungeon Crawl Stone Soup version 0.23-a0-4-g8f018a2 (webtiles) character file.

5619 qdestroyer the Spear-Bearer (level 10, -15/90 HPs)
             Began as a Minotaur Fighter on July 31, 2018.
             Was a Priest of Makhleb.
             Killed from afar by an orc sorcerer (28 damage)
             ... with a bolt of negative energy
             ... on level 9 of the Dungeon.
             The game lasted 00:36:31 (5660 turns).

qdestroyer the Spear-Bearer (Minotaur Fighter)      Turns: 5660, Time: 00:36:31

Health: -15/90     AC: 12    Str: 23    XL:     10   Next: 45%
Magic:  0/9        EV: 11    Int:  5    God:    Makhleb [***...]
Gold:   430        SH:  0    Dex: 11    Spells: 9/9 levels left

rFire    . . .     SeeInvis .   G - +1 halberd (protect)
rCold    . . .     Gourm    .   (shield currently unavailable)
rNeg     . . .     Faith    .   b - +1 scale mail
rPois    .         Spirit   +   (helmet restricted)
rElec    .         Reflect  .   i - +0 cloak
rCorr    +         Harm     .   (no gloves)
MR       .....                  D - +1 pair of boots
Stlth    ..........             C - amulet of guardian spirit
HPRegen  0.25/turn              k - ring of resist corrosion
MPRegen  0.11/turn              t - ring of resist corrosion

@: heavily drained
A: retaliatory headbutt, horns 2
a: Minor Destruction, Lesser Servant of Makhleb, Renounce Religion


You were on level 9 of the Dungeon.
You worshipped Makhleb.
Makhleb was most pleased with you.
You were very hungry.

You visited 3 branches of the dungeon, and saw 11 of its levels.

You collected 430 gold pieces.

Inventory:

Hand Weapons
 a - a +0 war axe
 d - a cursed -1 spear
 e - a +0 shortbow
 n - a +1 dagger of electrocution
 o - a +3 trident
 p - a +0 hunting sling
 r - a +1 great sword
 s - a +3 mace
 y - a +3 halberd
 G - a +1 halberd of protection (weapon)
 I - a +3 short sword
 J - a +0 mace of draining
Missiles
 q - 178 stones (quivered)
 B - 56 arrows
Armour
 b - a +1 scale mail (worn)
 i - a +0 cloak (worn)
 D - a +1 pair of boots (worn)
 L - a cursed +0 leather armour
 M - a +0 plate armour
Jewellery
 k - a ring of resist corrosion (left hand)
 t - a ring of resist corrosion (right hand)
 C - an amulet of guardian spirit (around neck)
Wands
 K - a wand of flame (19)
Scrolls
 c - 2 scrolls of fear {unknown}
 g - 3 scrolls of immolation
 h - 6 scrolls of remove curse
 l - 2 scrolls of noise
 u - a scroll of fog
 w - a scroll of magic mapping {unknown}
 E - 5 scrolls of amnesia
 F - a scroll of acquirement {unknown}
 H - a scroll of brand weapon {unknown}
Potions
 j - a potion of brilliance
 m - a potion of mutation
 v - 3 potions of flight
 x - 2 potions of lignification {unknown}
 z - a potion of heal wounds {unknown}
 A - 2 potions of degeneration {unknown}
Comestibles
 f - 12 rations


   Skills:
 + Level 8.6(7.2) Fighting
 + Level 4.6(8.1) Axes
 + Level 12.4(11.2) Polearms
 + Level 8.2(6.9) Armour
 + Level 3.8(2.7) Dodging
 + Level 1.1(0.1) Stealth
   Level 7.0(5.7) Shields


You had 9 spell levels left.
You didn't know any spells.
Your spell library contained the following spells:

 Spells                   Type           Power        Failure   Level  Hunger
 Summon Small Mammal      Summ           #...         77%         1    ##.....
 Summon Ice Beast         Ice/Summ       #.......     100%        4    #####..
 Call Imp                 Summ           #.......     88%         2    ###....
 Spider Form              Tmut/Pois      #.........   98%         3    ####...
 Blade Hands              Tmut           #.........   100%        5    ######.
 Ice Form                 Ice/Tmut       #.......     100%        4    #####..
 Sticks to Snakes         Tmut           #.......     88%         2    ###....
 Call Canine Familiar     Summ           #.......     98%         3    ####...
 Beastly Appendage        Tmut           #.....       77%         1    ##.....
 Summon Lightning Spire   Summ/Air       #.......     100%        4    #####..
 Summon Guardian Golem    Hex/Summ       #.......     98%         3    ####...


Dungeon Overview and Level Annotations

Branches:
Dungeon (9/15)             Temple (1/1) D:7             Orc (1/2) D:9
   Lair: D:8-11

Altars:
Ashenzari
Cheibriados
Dithmenos
Fedhas
Gozag
Hepliaklqana
Makhleb
Nemelex Xobeh
Okawaru
Qazlal
Ru
Trog
Uskayaw
Xom
Yredelemnul
Lugonu

Annotations:
D:5 YouKnowWho's ghost, novice DrFi


Innate Abilities, Weirdness & Mutations

You reflexively headbutt those who attack you in melee.
You have a pair of horns on your head.


Message History

The ogre barely misses you.
The orc sorcerer hits you but does no damage.
The orc warrior hits you with a scimitar.
There is a staircase back to the Dungeon here.
The orc warrior barely misses you. You furiously retaliate!
You headbutt the orc warrior, but do no damage.
The orc sorcerer hits you with a dagger.
You climb upwards.
Welcome back to the Dungeon!
There is a staircase to the Orcish Mines here.
You are too injured to fight recklessly!
You are too injured to fight recklessly!
You are too injured to fight recklessly!
The orc sorcerer gestures at you while chanting.
The bolt of negative energy hits you!
You feel drained.
* * * LOW HITPOINT WARNING * * *
The orc warrior hits you with a scimitar!
* * * LOW HITPOINT WARNING * * *
The orc sorcerer casts a spell at you. The bolt of negative energy hits you!
You feel drained.
You die...

..#.......# #≈.
..........# #≈. .
..##.....#### ### #.
.. #..###[..### #..
######.....#####
..####......8......#..
...#.............#..
#.#.o...........#..
#.@.o..............
#..8.....>.....8...
##.................
##.............#..
#.............#
#......8......#
#####.....#####
###.### #.#


You could see an orc sorcerer and an orc warrior.

Vanquished Creatures
  2 two-headed ogres (D:8)
  A merfolk (D:9)
  Grinder (D:5)
  2 hippogriffs (D:8)
  A wraith (D:9)
  2 hungry ghosts
  An orc warrior (D:8)
  An ice beast (D:8)
  A necrophage (D:8)
  3 ogres
  A sky beast (D:6)
  A phantom (D:4)
  A centaur (D:5)
  5 bullfrogs
  A gnoll sergeant (D:7)
  4 scorpions
  A water moccasin skeleton (D:9)
  A troll zombie (D:9)
  3 wights (D:6)
  2 howler monkeys
  2 bullfrog zombies (D:6)
  2 crimson imps
  5 hounds
  4 orc priests
  A centaur zombie (D:6)
  A gnoll shaman (D:7)
  6 orc wizards
  2 jellies
  2 bullfrog skeletons (D:4)
  6 worker ants
  A killer bee zombie (D:6)
  5 ogre zombies (D:9)
  2 hound skeletons
  23 gnolls
  10 adders
  2 shadow imps
  2 oozes
  An adder skeleton (D:8)
  4 worms
  4 dart slugs
  8 leopard geckos
  25 orcs
  A ball python (D:2)
  A bat (D:1)
  5 giant cockroaches
  5 goblins
  12 hobgoblins
  7 jackals
  3 kobolds (D:1)
  4 quokkas
  A ball python skeleton (D:4)
  4 frilled lizards
  4 goblin zombies (D:9)
  A hobgoblin skeleton (D:9)
  2 hobgoblin zombies (D:9)
  A leopard gecko zombie (D:6)
  3 orc skeletons (D:9)
  15 orc zombies (D:9)
  A quokka zombie (D:9)
  5 rats
228 creatures vanquished.

Notes
Turn   | Place    | Note
-------+----------+-------------------------------------------
     0 | D:1      | qdestroyer the Minotaur Fighter began the quest for the Orb.
     0 | D:1      | Reached XP level 1. HP: 19/19 MP: 0/0
    79 | D:1      | Reached XP level 2. HP: 23/27 MP: 1/1
   349 | D:1      | Reached XP level 3. HP: 33/33 MP: 2/2
   750 | D:3      | Reached XP level 4. HP: 37/40 MP: 3/3
   814 | D:3      | Reached skill level 1 in Dodging
   960 | D:3      | Reached XP level 5. HP: 23/47 MP: 4/4
  1298 | D:4      | Found a blossoming altar of Fedhas.
  1328 | D:4      | Reached skill level 1 in Polearms
  1328 | D:4      | Reached skill level 5 in Shields
  1328 | D:4      | Reached XP level 6. HP: 52/55 MP: 5/5
  1458 | D:4      | Reached skill level 2 in Polearms
  1492 | D:4      | Reached skill level 5 in Fighting
  1518 | D:4      | Reached skill level 3 in Polearms
  1667 | D:4      | Reached skill level 5 in Armour
  1850 | D:5      | Entered Level 5 of the Dungeon
  1856 | D:5      | Reached XP level 7. HP: 50/61 MP: 6/6
  1886 | D:5      | Reached skill level 4 in Polearms
  1902 | D:5      | Found a burning altar of Makhleb.
  1911 | D:5      | Became a worshipper of Makhleb the Destroyer
  1933 | D:5      | Noticed Grinder
  1951 | D:5      | Paralysed by Grinder for 4 turns
  1955 | D:5      | Killed Grinder
  1955 | D:5      | Reached skill level 5 in Polearms
  2181 | D:5      | Reached skill level 6 in Polearms
  2181 | D:5      | Reached XP level 8. HP: 35/70 MP: 7/7
  2855 | D:6      | Reached skill level 7 in Polearms
  3101 | D:6      | Reached * piety under Makhleb
  3101 | D:6      | Reached skill level 8 in Polearms
  3279 | D:6      | Found a runed door.
  3286 | D:6      | Noticed YouKnowWho's ghost (novice DrFi)
  3724 | D:7      | Reached XP level 9. HP: 76/78 MP: 6/8
  3855 | D:7      | Found a bloodstained altar of Trog.
  4003 | D:7      | Found a staircase to the Ecumenical Temple.
  4020 | Temple   | Entered the Ecumenical Temple
  4127 | D:7      | Found a sacrificial altar of Ru.
  4135 | D:7      | Reached skill level 9 in Polearms
  4203 | D:7      | Reached ** piety under Makhleb
  4218 | D:8      | Found a burning altar of Makhleb.
  4291 | D:8      | Reached skill level 10 in Polearms
  4878 | D:8      | Noticed a two-headed ogre
  4884 | D:8      | Killed a two-headed ogre
  4884 | D:8      | Reached skill level 11 in Polearms
  4884 | D:8      | Reached skill level 1 in Stealth
  4884 | D:8      | Reached XP level 10. HP: 61/88 MP: 4/9
  4908 | D:8      | Noticed a two-headed ogre
  4916 | D:8      | Killed a two-headed ogre
  5262 | D:8      | Found an iron altar of Okawaru.
  5432 | D:9      | Reached skill level 12 in Polearms
  5462 | D:9      | Found a snail-covered altar of Cheibriados.
  5503 | D:9      | Found a staircase to the Orcish Mines.
  5537 | D:9      | Reached *** piety under Makhleb
  5620 | Orc:1    | Entered Level 1 of the Orcish Mines
  5632 | Orc:1    | Noticed an orc sorcerer
  5635 | Orc:1    | Paralysed by an orc sorcerer for 2 turns
  5660 | D:9      | Killed from afar by an orc sorcerer

Vault maps used:
D:1:      moated_graveyard_arrival
D:2:      lemuel_crystal_altar
D:3:      grunt_temple_overflow_magic_moments, good_gods_temple_1,
          minmay_ogre_servants
D:4:      kennysheep_little_box, minmay_hedge_maze
D:5:      makhleb_blood_cavern_becter, first_ration, amethyst_killhole,
          uniq_grinder
D:6:      ebering_ghost_reflecting_pool, grunt_ministairs_6
D:7:      nicolae_ru_sacrificial_ziggurat, marbit_many_paths,
          minmay_temple_entry_glass
D:8:      okawaru_metal_pillars_3, basic_altar
D:9:      lemuel_round_altar, zombieorc2_lemuel, hangedman_fish_farm
Temple:   corrupted_temple
Orc:1:    nicolae_orc_accident_2, minmay_orc_keep

Skill      XL: |  1  2  3  4  5  6  7  8  9 10 |
---------------+-------------------------------+-----
Armour         | 4 5 6 7 8 |  8.2
Shields        | 4 5 6 7 |  7.0
Axes           | 3 4 |  4.6
Fighting       | 4 5 6 7 8 |  8.6
Dodging        | 1 2 3 |  3.8
Polearms       | 1 3 6 8 11 12 | 12.4
Stealth        | 1 |  1.1

Action                   |  1- 3 |  4- 6 |  7- 9 | 10-12 || total
-------------------------+-------+-------+-------+-------++-------
Melee: War axe           |    98 |    39 |       |       ||   137
       Headbutt          |     7 |    20 |    61 |    14 ||   102
       Trident           |       |    98 |   277 |       ||   375
       Halberd           |       |       |    99 |   126 ||   225
  Use: Scroll            |     5 |     2 |    10 |       ||    17
       Potion            |       |       |     3 |       ||     3
  Eat: Ration            |       |     1 |     4 |     1 ||     6
Armor: Scale mail        |    40 |    53 |   146 |    33 ||   272
Dodge: Dodged            |    34 |    34 |   118 |    39 ||   225
Block: Shield            |    45 |    66 |   100 |       ||   211

Table legend:
 A = Spawn XP
 B = Non-spawn XP
 C = Spawn XP percentage of total XP
 D = Spawn monster count
 E = Non-spawn monster count
 F = Spawn count percentage of total count
 G = Total turns spent on level
                    A         B        C        D         E        F      G
               +---------+---------+-------+---------+---------+-------+---------
         Total |       0 |    8028 |   0.0 |       0 |     228 |   0.0 |  5660
               +---------+---------+-------+---------+---------+-------+---------
           D:1 |       0 |      45 |   0.0 |       0 |      21 |   0.0 |   423
           D:2 |       0 |      46 |   0.0 |       0 |      14 |   0.0 |   308
           D:3 |       0 |     221 |   0.0 |       0 |      22 |   0.0 |   444
           D:4 |       0 |     396 |   0.0 |       0 |      21 |   0.0 |   675
           D:5 |       0 |    1001 |   0.0 |       0 |      16 |   0.0 |  1116
           D:6 |       0 |     993 |   0.0 |       0 |      30 |   0.0 |   730
           D:7 |       0 |    1067 |   0.0 |       0 |      36 |   0.0 |   447
           D:8 |       0 |    3081 |   0.0 |       0 |      27 |   0.0 |  1152
           D:9 |       0 |    1175 |   0.0 |       0 |      40 |   0.0 |   259
         Orc:1 |       0 |       3 |   0.0 |       0 |       1 |   0.0 |    33
               +---------+---------+-------+---------+---------+-------+---------
